 Dungeon Crawl Stone Soup version 0.28-a0-1447-ga5a8893891 (webtiles) character file.

Game seed: 13383105434797136767

140 HallandMoats the Skirmisher (level 5, -2/38 (42) HPs)
             Began as a Demonspawn Fighter on Jan 11, 2022.
             Slain by a wight (4 damage)
             ... on level 3 of the Dungeon.
             The game lasted 00:04:53 (3804 turns).

HallandMoats the Skirmisher (Demonspawn Fighter)    Turns: 3804, Time: 00:04:53

HP:   -2/38 (42)    AC:  8    Str: 18    XL:     5   Next: 2%
MP:   5/5           EV:  9    Int:  9    God:
Gold: 177           SH:  4    Dex: 13    Spells: 4/4 levels left

rFire   . . .      SeeInvis .   b - +2 whip (flame)
rCold   . . .      Faith    .   c - +0 buckler
rNeg    . . .      Spirit   .   j - +0 scale mail
rPois   .          Reflect  .   m - +0 helmet
rElec   .          Harm     .   (no cloak)
rCorr   .          Rampage  .   (no gloves)
Will    .....                   (no boots)
Stlth   ..........              (no amulet)
HPRegen 0.12/turn               (no ring)
MPRegen 0.09/turn               (no ring)

@: drained
A: hooves 1, ignite blood 1, powered by death 2
a: no special abilities


You were on level 3 of the Dungeon.
You visited 1 branch of the dungeon, and saw 4 of its levels.

You collected 177 gold pieces.

Inventory:

Hand Weapons
 a - a +0 war axe
 b - a +2 whip of flaming (weapon)
Missiles
 n - a throwing net (quivered)
Armour
 c - a +0 buckler (worn)
 j - a +0 scale mail (worn)
 m - a +0 helmet (worn)
 s - a +1 pair of boots
Jewellery
 q - an amulet of the acrobat
Wands
 d - a wand of flame (1)
 r - a wand of digging (5)
Scrolls
 f - 2 scrolls of identify {unknown}
 i - 2 scrolls of teleportation {unknown}
 k - a scroll of vulnerability {unknown}
 l - a scroll of enchant armour {unknown}
 o - a scroll of immolation {unknown}
Potions
 e - 2 potions of magic {unknown}
 g - a potion of brilliance {unknown}
 h - a potion of attraction {unknown}
 p - a potion of mutation {unknown}


   Skills:
 * Level 4.0 Fighting
 * Level 2.9 Axes
 + Level 3.2 Armour
 + Level 1.1 Dodging
 + Level 3.1 Shields


You had 4 spell levels left.
You didn't know any spells.
Your spell library contained the following spells:

 Spells                   Type           Power      Damage    Failure   Level
 Sting                    Tmut/Pois      0%         1d3       86%         1
 Poisonous Vapours        Pois/Air       0%         N/A       94%         2
 Frozen Ramparts          Ice            0%         1d2       99%         3
 Ice Form                 Ice/Tmut       0%         N/A       100%        4
 Olgreb's Toxic Radiance  Pois           0%         N/A       100%        4
 Summon Ice Beast         Ice/Summ       0%         N/A       100%        4


Dungeon Overview and Level Annotations

Branches:
Dungeon (4/15)
 Temple: D:4-7

Altars:


Innate Abilities, Weirdness & Mutations

You have large cloven feet.
Your demonic aura sometimes causes spilled blood to erupt in flames.
You regenerate health from kills.


Message History

Deactivating autopickup; reactivate with Ctrl-A.
There is a stone staircase leading up here.
The wight closely misses you.
The orc priest calls down the wrath of Beogh upon you.
Beogh smites you!
You climb upwards.
Reactivating autopickup.
There is a stone staircase leading down here.
You are too injured to fight recklessly!
You are too injured to fight recklessly!
You are too injured to fight recklessly!
You barely miss the wight. The wight barely misses you.
You barely miss the wight. You kick the wight, but do no damage.
The wight closely misses you.
You hit the wight. You burn the wight.
The wight is lightly damaged.
The wight hits you with a +0 war axe.
You feel drained.
You hit the wight but do no damage. You kick the wight, but do no damage.
The wight is lightly damaged.
The wight closely misses you.
You hit the wight but do no damage.
The wight is lightly damaged.
The wight barely misses you.
You closely miss the wight.
The wight is lightly damaged.
The wight hits you with a +0 war axe.
You hit the wight but do no damage. You kick the wight.
The wight is moderately damaged.
The wight hits you with a +0 war axe!
* * * LOW HITPOINT WARNING * * *
You feel drained.
* * * LOW HITPOINT WARNING * * *
The wight hits you with a +0 war axe.
* * * LOW HITPOINT WARNING * * *
The wight hits you with a +0 war axe.
* * * LOW HITPOINT WARNING * * *
You feel drained.
There is a fountain of clear blue water here.
The wight hits you with a +0 war axe.
You die...

#...........#.# #.....⌠.....#.#
#..>.....>..#.# #####
#.....⌠.....#.############....
#...........#...........(P.P.P
###..⌠...⌠..########.##........
###.##.......## #...####....
....(.........########.......###.
...............z@......P..≈.≈._##
#########.....#####.###.P....###.
#.....# #)# #..P⌠⌠...#. #.....#
#.# #..≈.⌠...#. ###.### #.#
#....P.###. #..# #.###..P.......
##.## #......P....... #..#
#.##....####### ##.# #.#######


You could see a wight.

Vanquished Creatures
  Ijyb (D:2)
  5 adders
  An ufetubus (D:3)
  A worm (D:3)
  3 orcs (D:3)
  4 ball pythons
  6 bats
  9 endoplasms
  6 giant cockroaches
  4 goblins
  4 hobgoblins
  2 quokkas (D:2)
  A frilled lizard (D:1)
  6 kobolds
  5 rats
58 creatures vanquished.

Vanquished Creatures (others)
  A fungus (D:3)
  6 plants (D:3)
7 creatures vanquished.

Grand Total: 65 creatures vanquished

Notes
Turn   | Place    | Note
-------+----------+-------------------------------------------
     0 | D:1      | HallandMoats the Demonspawn Fighter began the quest for the
                  | Orb.
     0 | D:1      | Reached XP level 1. HP: 18/18 MP: 1/1
   485 | D:1      | Gained mutation: You regenerate a little health from kills.
                  | [demonic ancestry]
   485 | D:1      | Reached XP level 2. HP: 24/24 MP: 2/2
  1476 | D:2      | Gained mutation: You regenerate health from kills. [demonic
                  | ancestry]
  1476 | D:2      | Reached XP level 3. HP: 21/29 MP: 3/3
  2070 | D:2      | Gained mutation: Your demonic aura sometimes causes spilled
                  | blood to erupt in flames. [demonic ancestry]
  2070 | D:2      | Reached XP level 4. HP: 36/36 MP: 4/4
  2594 | D:3      | Noticed Ijyb
  2722 | D:2      | Killed Ijyb
  2723 | D:2      | Reached skill level 1 in Dodging
  3242 | D:3      | Found a faded altar of an unknown god.
  3277 | D:3      | Reached skill level 4 in Fighting
  3375 | D:3      | Gained mutation: You have large cloven feet. [demonic
                  | ancestry]
  3375 | D:3      | Reached XP level 5. HP: 42/42 MP: 5/5
  3796 | D:3      | HP: 1/39 [wight (1)]
  3804 | D:3      | Slain by a wight

Illustrated notes

Levels and vault maps discovered:
D:1:      roderic_octagonal_star, layout_basic
D:2:      layout_basic, serial_curves, eino_curves_04, eino_curves_02
D:3:      layout_basic, shapermc_ecumenical_altar_mp_ritualfount,
          grunt_ministairs_10, chequers_serial_rivers_micro_c,
          minmay_tree_intersection, bh_walls_and_bars, uniq_ijyb
D:4:      layout_cave_pools, minmay_misc_feat_five,
          minmay_hollow_rounded_squares

Skill      XL: |  1  2  3  4 |
---------------+-------------+-----
Axes           | 2 |  2.9
Armour         | 3 |  3.2
Shields        | 3 |  3.1
Dodging        | 1 |  1.1
Fighting       | 4 |  4.0

Action                   |  1- 3 |  4- 6 || total
-------------------------+-------+-------++-------
Melee: War axe           |    66 |       ||    66
       Whip              |    37 |    75 ||   112
       Kick              |       |     3 ||     3
  Use: Potion            |       |     1 ||     1
Armor: Scale mail        |    62 |    35 ||    97
Dodge: Dodged            |    33 |    45 ||    78
Block: Buckler           |    17 |    15 ||    32

Table legend: (Time is in decaauts)
 A = Elapsed time spent in this place.
 B = Non-inter-level travel time spent in this place.
 C = Inter-level travel time spent in this place.
 D = Time resting spent in this place.
 E = Time spent auto-exploring this place.
 F = Levels seen in this place.
 G = Mean time per level.
                   A        B        C        D        E       F      G
               +--------+--------+--------+--------+--------+-----+--------+
         Total |   3842 |   3731 |    111 |     91 |   3125 |   4 |  960.5 |
       Dungeon |   3842 |   3731 |    111 |     91 |   3125 |   4 |  960.5 |
               +--------+--------+--------+--------+--------+-----+--------+

Top non-repeatable levels by time:
     D:1: 1485 daAuts
     D:2: 1299 daAuts
     D:3: 1037 daAuts
     D:4: 20 daAuts
